 Dungeon Crawl Stone Soup version 0.29.1 (webtiles) character file.

Game seed: 6850336728255905288

88340 qw the Warrior (level 15, -2/147 HPs)
             Began as a Minotaur Berserker on Sept 13, 2022.
             Was a High Priest of Trog.
             Slain by an orc warrior
             ... wielding a +0 halberd
              (3 damage)
             ... on level 2 of the Orcish Mines.
             The game lasted 00:09:19 (29692 turns).

qw the Warrior (Minotaur Berserker)                Turns: 29692, Time: 00:09:19

Health: -2/147     AC: 36    Str: 30    XL:     15   Next: 46%
Magic:  14/14      EV:  9    Int:  4    God:    Trog [*****.]
Gold:   1217       SH: 17    Dex:  9    Spells: 14/14 levels left

rFire   . . .      SeeInvis .   Y - +7 war axe (elec)
rCold   . . .      Faith    .   m - +0 kite shield
rNeg    . . .      Spirit   .   i - +5 plate armour
rPois   .          Reflect  +   (helmet restricted)
rElec   .          Harm     .   o - +0 cloak
rCorr   .          Rampage  .   g - +2 pair of gloves
Will    +....                   p - +0 pair of boots
Stlth   ..........              d - amulet of reflection
HPRegen 0.34/turn               h - +4 ring of protection
MPRegen 0.14/turn               l - +4 ring of protection

@: about to teleport, on berserk cooldown, slowed, very slow
A: horns 2, retaliatory headbutt
a: Renounce Religion, Berserk, Trog's Hand, Brothers in Arms


You were on level 2 of the Orcish Mines.
You worshipped Trog.
Trog was extremely pleased with you.
You visited 3 branches of the dungeon, and saw 22 of its levels.
You also visited: Ossuary and Gauntlet.

You collected 2288 gold pieces.
You spent 1071 gold pieces at shops.


Innate Abilities, Weirdness & Mutations

You have a pair of horns on your head.
You reflexively headbutt those who attack you in melee.


   Skills:
 - Level 17.0 Fighting
 - Level 16.4 Axes
 - Level 8.0 Throwing
 - Level 15.0 Armour
 - Level 6.2 Dodging
 + Level 15.3 Shields


You had 14 spell levels left.
You didn't know any spells.
Your spell library was empty.

Inventory:

Hand Weapons
 s - a +1 demon whip of venom
 Y - a +7 war axe of electrocution (weapon)
Missiles
 n - 4 javelins (quivered)
 r - 4 boomerangs
Armour
 g - a +2 pair of gloves (worn)
 i - a +5 plate armour (worn)
 m - a +0 kite shield (worn)
 o - a +0 cloak (worn)
 p - a +0 pair of boots (worn)
Jewellery
 d - an amulet of reflection (around neck)
 h - a +4 ring of protection (left hand)
 l - a +4 ring of protection (right hand)
Scrolls
 a - 14 scrolls of teleportation
 b - 15 scrolls of identify
Potions
 c - 5 potions of heal wounds
 e - 9 potions of mutation
 f - 2 potions of haste
 j - 7 potions of might
 k - 3 potions of cancellation
 q - 12 potions of curing

Dungeon Overview and Level Annotations

Branches:
Dungeon (15/15)            Temple (0/1) D:4            Lair (5/5) D:9
  Swamp (0/4) Lair:3        Snake (0/4) Lair:3        Slime (0/5) Lair:4
    Orc (2/2) D:9             Elf (0/3) Orc:2        Vaults (0/5) D:13
 Depths (0/4) D:15        Ossuary (visited)         Gauntlet (visited)

Altars:
Ashenzari
Cheibriados
Dithmenos
Gozag
Hepliaklqana
Makhleb
Qazlal
Sif Muna
Trog
Uskayaw
Vehumet
Wu Jian
Yredelemnul
The Shining One
Jiyva

Shops:
Orc:1 [   Orc:2 ?!!


Message History

Trog accepts your kill.
You hear a shout! x2
You block the orc knight's attack.
Your ogre barely misses the orc knight.
You block the orc warrior's attack.
The orc knight hits you from afar with a +0 bardiche!!
You hit the orc knight but do no damage.
The orc knight is severely wounded.
The orc knight hits you with a +3 long sword of holy wrath!
Your ogre hits the orc knight with a +0 giant club!
The orc warrior closely misses you.
The orc knight hits you from afar with a +0 bardiche!!
The neqoxec gestures at you.
Something tries to feed on your intellect!
You catch the helpless orc knight completely off-guard!
You hit the orc knight. Your headbutt misses the orc knight.
The orc knight is almost dead.
Your ogre barely misses the orc knight.
The orc knight hits you with a +3 long sword of holy wrath!!
You block the orc knight's attack. The orc warrior completely misses you.
The orc warrior barely misses you.
The orc knight hits your ogre with a +3 long sword of holy wrath!!!
You hear a shout!
29691 ||| READING 15 scrolls of teleportation.
As you read the scroll of teleportation, it crumbles to dust.
You feel strangely unstable.
Your ogre hits the orc knight with a +0 giant club!!!
The orc knight dies!
Trog accepts your kill. Trog grants you a weapon!
Something appears at your feet!
You see here a +3 broad axe.
You block the orc knight's attack. You block the orc warrior's attack. x2
29692 ||| DRINKING 6 potions of heal wounds.
You feel much better.
Your ogre barely misses the orc warrior.
The orc knight hits you from afar with a +0 bardiche!
You block the orc warrior's attack.
The orc warrior hits you from afar with a +0 glaive!
The orc knight hits you but does no damage.
The orc warrior hits you from afar with a +0 glaive!
The orc warrior hits you from afar with a +0 halberd.
You die...

#....#...##
...#....## .##
.#..)).## ..#
...#..## ....
.#.....## ....#
...#....## #.#.#
#....#)..## #o..#
##.))))...## ##)o3#
###))###...## ##@Oo#
.###))###...###..)##
..###..###...#...##
...###..###.#)#.##
....###..###...##
.....###..###.##
......###..####
.)#.#.# ##..## .#
.))#.## ##...#...#


You could see an orc knight (strong), a neqoxec, 2 orc warriors and a friendly
ogre (summoned, berserk).

Vanquished Creatures
  Gastronok (Lair:2)
  Roxanne (D:15)
  An orc warlord (Orc:1)
  A minotaur (Gauntlet)
  Josephine (D:10)
  7 boulder beetles
  8 hydras
  A rakshasa (D:15)
  A centaur warrior (D:14)
  An ogre mage (D:13)
  4 two-headed ogres
  5 catoblepae
  7 death yaks (Lair:5)
  2 orc high priests
  Amaemon (Lair:2)
  4 sixfirhies (Gauntlet)
  Lodul (D:12)
  4 orc knights
  A lindwurm (Lair:5)
  A necromancer (D:15)
  2 deep elf zephyrmancers (D:15)
  An orc sorcerer (Orc:1)
  A wolf spider zombie (D:15)
  3 deep elf pyromancers
  5 manticores
  3 cyclopes
  An ugly thing (D:11)
  7 elephants
  12 black mambas
  A black mamba (shapeshifter) (D:15)
  Joseph (D:9)
  A rust devil (Orc:2)
  Maggie (D:9)
  10 cane toads
  2 orange demons
  A gargoyle (D:12)
  An unseen horror (D:11)
  3 rime drakes
  2 kobold demonologists (D:12)
  8 komodo dragons
  4 polar bears
  3 tyrant leeches (Lair:3)
  4 trolls
  5 slime creatures
  A hornet (D:9)
  21 blink frogs
  A meliai zombie (D:15)
  5 centaur simulacra
  5 small abominations (Gauntlet)
  2 vampires
  A spriggan (shapeshifter) (D:13)
  Sigmund (D:6)
  51 yaks
  A shadow (D:13)
  A wyvern (Lair:2)
  5 wraiths
  A golden eye (shapeshifter) (D:15)
  A chaos spawn (Orc:2)
  A neqoxec (Orc:2)
  10 vampire mosquitoes
  6 basilisks
  3 wargs
  4 acid dragons
  3 swamp worms (Lair:3)
  17 water moccasins
  2 black bears
  A meliai simulacrum (Gauntlet)
  31 orc warriors
  12 ogres
  6 boggarts (D:15)
  7 wolves
  3 centaurs
  A phantom (D:6)
  A kobold brigand (D:12)
  8 bullfrogs
  Blork the orc (D:6)
  A scorpion (D:6)
  13 wights
  12 killer bees
  6 howler monkeys
  A crimson imp (D:5)
  3 human zombies (Ossuary)
  A wyvern simulacrum (Gauntlet)
  A centaur zombie (Ossuary)
  4 jellies
  24 orc priests
  A hound (D:3)
  Ijyb (D:3)
  Jessica (D:3)
  Terence (D:2)
  4 iguanas
  23 orc wizards
  Natasha (thrice) (D:3)
  A boggart skeleton (D:15)
  4 mummies (Ossuary)
  Robin (D:3)
  2 adders
  12 gnolls
  2 shadow imps
  A white imp (D:7)
  3 ufetubi
  2 worms (D:9)
  3 dart slugs
  86 orcs
  3 endoplasms
  4 giant cockroaches
  19 goblins
  7 hobgoblins
  4 jackals (D:3)
  4 quokkas
  5 ball pythons
  6 bats
  2 frilled lizards
  A hobgoblin zombie (Ossuary)
  A jackal zombie (D:7)
  11 kobolds
  A kobold zombie (Ossuary)
  2 orc zombies (Ossuary)
  5 rats
641 creatures vanquished.

Vanquished Creatures (collateral kills)
  3 hydras
  An orc knight (Orc:2)
  2 slime creatures (D:12)
  2 water moccasins (Lair:5)
8 creatures vanquished.

Vanquished Creatures (others)
  A bush (Lair:5)
  31 fungi
  53 plants
  14 withered plants (Gauntlet)
99 creatures vanquished.

Grand Total: 748 creatures vanquished

Notes
Turn   | Place    | Note
-------+----------+-------------------------------------------
     0 | D:1      | qw the Minotaur Berserker began the quest for the Orb.
     0 | D:1      | Reached XP level 1. HP: 19/19 MP: 0/0
     0 | D:1      | 0 ||| qw: Version: 0.1-a-119-g272c26d
     0 | D:1      | 0 ||| qw: Game counter: 11233
     0 | D:1      | 0 ||| qw: Always use a shield: true
     0 | D:1      | 0 ||| qw: Do Orc after D:15 true
     0 | D:1      | 0 ||| qw: Do second Lair branch before Depths: true
     0 | D:1      | 0 ||| qw: Lair rune preference: random
     0 | D:1      | 0 ||| qw: Plans: Normal
     0 | D:1      | 0 ||| PLANNING D:1-11
   104 | D:1      | Found a faded altar of an unknown god.
   241 | D:1      | 241 ||| Stepping ~*~*~tactically~*~*~ (stealth).
   243 | D:1      | 243 ||| Stepping ~*~*~tactically~*~*~ (stealth).
   448 | D:1      | Reached XP level 2. HP: 26/26 MP: 1/1
   766 | D:1      | 766 ||| UPGRADING to +0 ring mail.
   776 | D:1      | 776 ||| DROPPING +0 animal skin.
   777 | D:1      | 777 ||| DROPPING ring of magical power.
   778 | D:1      | 778 ||| UPGRADING to +4 ring of protection.
   779 | D:1      | 779 ||| READING 3 scrolls labelled QERI JIPHOWKIO.
   784 | D:1      | 784 ||| READING scroll labelled OCRY UTZELEAS.
   984 | D:2      | 984 ||| DROPPING +0 club.
  1233 | D:2      | 1233 ||| Stepping ~*~*~tactically~*~*~ (stealth).
  1234 | D:2      | 1234 ||| Stepping ~*~*~tactically~*~*~ (stealth).
  1318 | D:2      | Noticed Terence
  1323 | D:2      | 1323 ||| INVOKING Berserk.
  1326 | D:2      | Killed Terence
  1327 | D:2      | Reached XP level 3. HP: 31/31 MP: 2/2
  1713 | D:2      | 1713 ||| UPGRADING to +0 scale mail.
  1723 | D:2      | 1723 ||| DROPPING +0 ring mail.
  1724 | D:2      | 1724 ||| READING scroll labelled LIQYPI JEDUMAD.
  1725 | D:2      | 1725 ||| READING scroll labelled KIT CUWUIF.
  1726 | D:2      | 1726 ||| READING scroll labelled NUBRUESAHE.
  1727 | D:2      | 1727 ||| DRINKING 2 pink potions.
  1797 | D:3      | Noticed Natasha
  1798 | D:3      | 1798 ||| Stepping ~*~*~tactically~*~*~ (hiding).
  1799 | D:3      | 1799 ||| Stepping ~*~*~tactically~*~*~ (hiding).
  1801 | D:3      | 1801 ||| INVOKING Berserk.
  1802 | D:3      | Killed Natasha
  1803 | D:3      | Reached skill level 6 in Axes
  1803 | D:3      | Reached XP level 4. HP: 39/39 MP: 3/3
  1938 | D:3      | 1938 ||| DROPPING +0 mace.
  1975 | D:3      | 1975 ||| Stepping ~*~*~tactically~*~*~ (hiding).
  1979 | D:3      | 1979 ||| INVOKING Berserk.
  2099 | D:3      | Found a basalt altar of Yredelemnul.
  2099 | D:3      | Found a glowing golden altar of the Shining One.
  2099 | D:3      | Found a hazy altar of Hepliaklqana.
  2105 | D:3      | Found a hide-covered altar of Uskayaw.
  2105 | D:3      | Noticed Robin
  2106 | D:3      | 2106 ||| Stepping ~*~*~tactically~*~*~ (hiding).
  2112 | D:3      | 2112 ||| INVOKING Berserk.
  2115 | D:3      | Killed Robin
  2275 | D:3      | 2275 ||| INVOKING Berserk.
  2279 | D:3      | Reached XP level 5. HP: 45/45 MP: 4/4
  2401 | D:3      | 2401 ||| Stepping ~*~*~tactically~*~*~ (stealth).
  2403 | D:3      | 2403 ||| Stepping ~*~*~tactically~*~*~ (hiding).
  2404 | D:3      | 2404 ||| Stepping ~*~*~tactically~*~*~ (hiding).
  2406 | D:3      | 2406 ||| Stepping ~*~*~tactically~*~*~ (hiding).
  2410 | D:3      | 2410 ||| INVOKING Berserk.
  2414 | D:3      | Reached skill level 4 in Fighting
  2615 | D:3      | 2615 ||| Stepping ~*~*~tactically~*~*~ (hiding).
  2621 | D:3      | Noticed Jessica
  2621 | D:3      | Noticed Natasha
  2624 | D:3      | 2624 ||| INVOKING Berserk.
  2625 | D:3      | Killed Natasha
  2628 | D:3      | Killed Jessica
  2629 | D:3      | Reached ** piety under Trog
  2635 | D:3      | 2635 ||| DRINKING potion of curing.
  2635 | D:3      | 2635 ||| (to cure confusion)
  2640 | D:3      | Reached XP level 6. HP: 42/52 MP: 5/5
  2712 | D:3      | Noticed Natasha
  2716 | D:3      | 2716 ||| INVOKING Berserk.
  2718 | D:3      | Killed Natasha
  2950 | D:3      | Noticed Ijyb
  2951 | D:3      | 2951 ||| Stepping ~*~*~tactically~*~*~ (hiding).
  2952 | D:3      | 2952 ||| Stepping ~*~*~tactically~*~*~ (hiding).
  2953 | D:3      | 2953 ||| Stepping ~*~*~tactically~*~*~ (hiding).
  2956 | D:3      | 2956 ||| INVOKING Berserk.
  2965 | D:3      | Killed Ijyb
  3213 | D:3      | 3213 ||| UPGRADING to +2 pair of gloves.
  3218 | D:3      | 3218 ||| DROPPING amulet of faith.
  3219 | D:3      | 3219 ||| DRINKING 6 puce potions.
  3220 | D:3      | 3220 ||| READING 2 scrolls of identify.
  3220 | D:3      | 3220 ||| IDENTIFYING purple potion
  3221 | D:3      | 3221 ||| DROPPING potion of flight.
  3244 | D:4      | 3244 ||| STAIRDANCE
  3246 | D:3      | 3246 ||| INVOKING Berserk.
  3354 | D:4      | 3354 ||| STAIRDANCE
  3356 | D:3      | 3356 ||| INVOKING Berserk.
  3413 | D:4      | 3413 ||| STAIRDANCE
  3460 | D:4      | 3460 ||| STAIRDANCE
  3462 | D:3      | 3462 ||| INVOKING Berserk.
  3539 | D:4      | 3539 ||| INVOKING Berserk.
  3544 | D:4      | Reached skill level 9 in Axes
  3714 | D:4      | Found a shimmering blue altar of Sif Muna.
  3986 | D:4      | Found a staircase to the Ecumenical Temple.
  4100 | D:4      | 4100 ||| UPGRADING to +0 kite shield.
  4105 | D:4      | 4105 ||| READING scroll labelled PESTRE MIESAKHLU.
  4106 | D:4      | 4106 ||| READING scroll labelled RUTRAO NASHI.
  4118 | D:5      | Entered Level 5 of the Dungeon
  4147 | D:5      | 4147 ||| INVOKING Berserk.
  4149 | D:5      | Reached skill level 1 in Shields
  4149 | D:5      | Reached XP level 7. HP: 60/60 MP: 6/6
  4324 | D:5      | Found a radiant altar of Vehumet.
  4325 | D:5      | Found a burning altar of Makhleb.
  4515 | D:5      | 4515 ||| INVOKING Berserk.
  4518 | D:5      | Reached skill level 3 in Shields
  4775 | D:5      | 4775 ||| INVOKING Berserk.
  5073 | D:5      | 5073 ||| UPGRADING to +1 scale mail of poison resistance.
  5083 | D:5      | 5083 ||| DROPPING +0 scale mail.
  5084 | D:5      | 5084 ||| READING scroll labelled LUCETZ DOAGG.
  5085 | D:5      | 5085 ||| DRINKING 2 white potions.
  5086 | D:5      | 5086 ||| DROPPING potion of brilliance.
  5206 | D:6      | Reached skill level 6 in Shields
  5217 | D:6      | Reached skill level 5 in Fighting
  5220 | D:6      | 5220 ||| Stepping ~*~*~tactically~*~*~ (stealth).
  5227 | D:6      | 5227 ||| Stepping ~*~*~tactically~*~*~ (stealth).
  5236 | D:6      | 5236 ||| INVOKING Berserk.
  5239 | D:6      | Reached XP level 8. HP: 68/68 MP: 7/7
  5269 | D:6      | 5269 ||| Stepping ~*~*~tactically~*~*~ (stealth).
  5291 | D:6      | 5291 ||| Stepping ~*~*~tactically~*~*~ (stealth).
  5295 | D:6      | 5295 ||| INVOKING Berserk.
  5374 | D:6      | 5374 ||| Stepping ~*~*~tactically~*~*~ (stealth).
  5380 | D:6      | 5380 ||| Stepping ~*~*~tactically~*~*~ (stealth).
  5393 | D:6      | 5393 ||| Stepping ~*~*~tactically~*~*~ (stealth).
  5394 | D:6      | 5394 ||| SWAPPING to +0 war axe.
  5395 | D:6      | 5395 ||| DROPPING +1 hand axe.
  5396 | D:6      | 5396 ||| Stepping ~*~*~tactically~*~*~ (stealth).
  5397 | D:6      | 5397 ||| Stepping ~*~*~tactically~*~*~ (stealth).
  5398 | D:6      | 5398 ||| Stepping ~*~*~tactically~*~*~ (stealth).
  5399 | D:6      | 5399 ||| Stepping ~*~*~tactically~*~*~ (stealth).
  5434 | D:6      | Noticed Sigmund
  5439 | D:6      | 5439 ||| STAIRDANCE
  5441 | D:6      | 5441 ||| STAIRDANCE
  5528 | D:5      | 5528 ||| DROPPING ring of ice.
  5529 | D:5      | 5529 ||| UPGRADING to +4 ring of protection.
  5530 | D:5      | 5530 ||| READING 2 scrolls of identify.
  5530 | D:5      | 5530 ||| IDENTIFYING sedimented silvery potion
  5541 | D:6      | 5541 ||| INVOKING Berserk.
  5547 | D:6      | 5547 ||| DRINKING potion of curing.
  5547 | D:6      | 5547 ||| (to cure confusion)
  5548 | D:6      | Noticed Blork the orc
  5554 | D:6      | Killed Blork the orc
  5574 | D:6      | Killed Sigmund
  5863 | D:6      | Reached skill level 1 in Throwing
  6012 | D:6      | 6012 ||| READING scroll of enchant weapon.
  6012 | D:6      | 6012 ||| ENCHANTING +0 war axe.
  6132 | D:6      | 6132 ||| INVOKING Berserk.
  6346 | D:6      | 6346 ||| INVOKING Berserk.
  6469 | D:6      | 6469 ||| Stepping ~*~*~tactically~*~*~ (hiding).
  6474 | D:6      | Reached skill level 6 in Fighting
  6736 | D:7      | 6736 ||| PLANNING OSSUARY
  6749 | D:7      | 6749 ||| Stepping ~*~*~tactically~*~*~ (hiding).
  6753 | D:7      | 6753 ||| INVOKING Berserk.
  6984 | D:7      | Reached *** piety under Trog
  7006 | D:7      | 7006 ||| Stepping ~*~*~tactically~*~*~ (hiding).
  7007 | D:7      | 7007 ||| Stepping ~*~*~tactically~*~*~ (hiding).
  7014 | D:7      | 7014 ||| Stepping ~*~*~tactically~*~*~ (stealth).
  7064 | D:7      | 7064 ||| Stepping ~*~*~tactically~*~*~ (stealth).
  7065 | D:7      | 7065 ||| Stepping ~*~*~tactically~*~*~ (stealth).
  7066 | D:7      | 7066 ||| Stepping ~*~*~tactically~*~*~ (stealth).
  7106 | D:7      | 7106 ||| FLEEEEING.
  7107 | D:7      | 7107 ||| FLEEEEING.
  7108 | D:7      | 7108 ||| FLEEEEING.
  7111 | D:7      | 7111 ||| FLEEEEING.
  7112 | D:7      | 7112 ||| FLEEEEING.
  7113 | D:7      | 7113 ||| FLEEEEING.
  7114 | D:7      | 7114 ||| FLEEEEING.
  7115 | D:7      | 7115 ||| FLEEEEING.
  7116 | D:7      | 7116 ||| FLEEEEING.
  7117 | D:7      | 7117 ||| FLEEEEING.
  7118 | D:7      | 7118 ||| FLEEEEING.
  7119 | D:7      | 7119 ||| FLEEEEING.
  7120 | D:7      | 7120 ||| FLEEEEING.
  7121 | D:7      | 7121 ||| FLEEEEING.
  7124 | D:7      | 7124 ||| FLEEEEING.
  7125 | D:7      | 7125 ||| FLEEEEING.
  7126 | D:7      | 7126 ||| FLEEEEING.
  7127 | D:7      | 7127 ||| FLEEEEING.
  7136 | D:7      | 7136 ||| STAIRDANCE
  7174 | D:6      | 7174 ||| DROPPING +0 chain mail.
  7175 | D:6      | 7175 ||| UPGRADING to +0 plate armour.
  7185 | D:6      | 7185 ||| DROPPING +1 scale mail of poison resistance.
  7186 | D:6      | 7186 ||| DROPPING +6 ring of strength.
  7268 | D:7      | Reached skill level 3 in Armour
  7268 | D:7      | Reached XP level 9. HP: 75/75 MP: 8/8
  7276 | D:7      | 7276 ||| INVOKING Berserk.
  7374 | D:7      | 7374 ||| Stepping ~*~*~tactically~*~*~ (stealth).
  7376 | D:7      | 7376 ||| Stepping ~*~*~tactically~*~*~ (hiding).
  7383 | D:7      | 7383 ||| Stepping ~*~*~tactically~*~*~ (hiding).
  7482 | D:7      | Found a sand-covered staircase.
  7492 | Ossuary  | Entered an ossuary
  7584 | Ossuary  | 7584 ||| Stepping ~*~*~tactically~*~*~ (stealth).
  7734 | Ossuary  | 7734 ||| READING scroll labelled EGHOAVV HUTIUM.
  7735 | Ossuary  | 7735 ||| READING scroll labelled HUIZUZX RUAQA.
  7736 | Ossuary  | 7736 ||| DRINKING 2 fuming white potions.
  7773 | Ossuary  | 7773 ||| READING 2 scrolls of identify.
  7773 | Ossuary  | 7773 ||| IDENTIFYING clear potion
  7774 | Ossuary  | 7774 ||| DROPPING potion of invisibility.
  7775 | Ossuary  | 7775 ||| DROPPING potion of lignification.
  7790 | D:7      | 7790 ||| PLANNING D:1-11
  7867 | D:7      | 7867 ||| READING scroll of enchant weapon.
  7867 | D:7      | 7867 ||| ENCHANTING +1 war axe.
  8228 | D:7      | Found an ornate altar of the Wu Jian Council.
  8248 | D:7      | Found an opulent altar of Gozag.
  8258 | D:7      | 8258 ||| READING scroll labelled XAENUN FEUSH.
  8265 | D:8      | Noticed a two-headed ogre
  8269 | D:8      | 8269 ||| INVOKING Berserk.
  8271 | D:8      | Killed a two-headed ogre
  8272 | D:8      | Reached skill level 9 in Shields
  8391 | D:8      | 8391 ||| Stepping ~*~*~tactically~*~*~ (stealth).
  8393 | D:8      | 8393 ||| Stepping ~*~*~tactically~*~*~ (stealth).
  8397 | D:8      | 8397 ||| READING scroll of enchant armour.
  8397 | D:8      | 8397 ||| ENCHANTING +0 plate armour.
  8412 | D:8      | Found a shadowy altar of Dithmenos.
  8434 | D:8      | 8434 ||| Stepping ~*~*~tactically~*~*~ (hiding).
  8435 | D:8      | 8435 ||| Stepping ~*~*~tactically~*~*~ (hiding).
  8544 | D:8      | 8544 ||| Stepping ~*~*~tactically~*~*~ (hiding).
  8545 | D:8      | 8545 ||| Stepping ~*~*~tactically~*~*~ (stealth).
  8546 | D:8      | 8546 ||| Stepping ~*~*~tactically~*~*~ (hiding).
  8547 | D:8      | 8547 ||| Stepping ~*~*~tactically~*~*~ (hiding).
  8548 | D:8      | 8548 ||| Stepping ~*~*~tactically~*~*~ (hiding).
  8549 | D:8      | 8549 ||| Stepping ~*~*~tactically~*~*~ (hiding).
  8675 | D:8      | Found a flagged portal.
  8725 | D:8      | 8725 ||| INVOKING Berserk.
  8842 | D:8      | 8842 ||| READING scroll of enchant armour.
  8842 | D:8      | 8842 ||| ENCHANTING +1 plate armour.
  8983 | D:8      | Reached skill level 12 in Axes
  9262 | D:9      | Found a stormy altar of Qazlal.
  9265 | D:9      | 9265 ||| Stepping ~*~*~tactically~*~*~ (stealth).
  9266 | D:9      | 9266 ||| Stepping ~*~*~tactically~*~*~ (stealth).
  9271 | D:9      | Reached skill level 7 in Fighting
  9275 | D:9      | 9275 ||| Stepping ~*~*~tactically~*~*~ (stealth).
  9371 | D:9      | Found a staircase to the Lair.
  9409 | D:9      | 9409 ||| Stepping ~*~*~tactically~*~*~ (stealth).
  9410 | D:9      | 9410 ||| Stepping ~*~*~tactically~*~*~ (stealth).
  9415 | D:9      | 9415 ||| DROPPING +0 flail.
  9419 | D:9      | Reached XP level 10. HP: 86/86 MP: 9/9
  9430 | D:9      | Reached skill level 6 in Armour
  9561 | D:9      | Found a snail-covered altar of Cheibriados.
  9621 | D:9      | Reached **** piety under Trog
  9622 | D:9      | Found a staircase to the Orcish Mines.
  9633 | D:9      | Noticed Maggie
  9645 | D:9      | Killed Maggie
  9655 | D:9      | Noticed Joseph
  9665 | D:9      | Killed Joseph
  9735 | D:9      | Identified the +3 trident of the Briny Deep {flame, rPois
                  | rF+ Int+4 Stlth+}
  9915 | D:9      | 9915 ||| Stepping ~*~*~tactically~*~*~ (stealth).
  9917 | D:9      | Found the +7 mace of Variability {chain chaos}
  9936 | D:9      | Reached skill level 8 in Fighting
 10005 | D:9      | 10005 ||| Stepping ~*~*~tactically~*~*~ (stealth).
 10012 | D:9      | 10012 ||| Stepping ~*~*~tactically~*~*~ (hiding).
 10014 | D:9      | 10014 ||| Stepping ~*~*~tactically~*~*~ (hiding).
 10203 | D:9      | 10203 ||| Stepping ~*~*~tactically~*~*~ (stealth).
 10430 | D:9      | Noticed a moth of wrath
 10433 | D:9      | 10433 ||| Stepping ~*~*~tactically~*~*~ (stealth).
 10436 | D:9      | 10436 ||| Stepping ~*~*~tactically~*~*~ (stealth).
 10451 | D:9      | Found a bloodstained altar of Trog.
 10467 | D:9      | 10467 ||| PLANNING LAIR
 10467 | D:9      | 10467 ||| READING scroll labelled MEGAUL IMAKK.
 10468 | D:9      | 10468 ||| DRINKING 2 orange potions.
 10469 | D:9      | 10469 ||| DRINKING 4 potions of curing.
 10469 | D:9      | 10469 ||| (to cure confusion)
 10470 | D:9      | 10470 ||| READING 2 scrolls of identify.
 10470 | D:9      | 10470 ||| IDENTIFYING fizzy red potion
 10471 | D:9      | 10471 ||| DROPPING potion of ambrosia.
 10543 | Lair:1   | Entered Level 1 of the Lair of Beasts
 10607 | Lair:1   | Noticed a cane toad
 10610 | Lair:1   | 10610 ||| INVOKING Berserk.
 10614 | Lair:1   | Killed a cane toad
 10757 | Lair:1   | 10757 ||| INVOKING Berserk.
 10967 | Lair:1   | 10967 ||| INVOKING Berserk.
 11215 | Lair:1   | Noticed a seven-headed hydra
 11216 | Lair:1   | 11216 ||| INVOKING Brothers in Arms.
 11217 | Lair:1   | 11217 ||| INVOKING Brothers in Arms.
 11218 | Lair:1   | 11218 ||| INVOKING Brothers in Arms.
 11219 | Lair:1   | 11219 ||| INVOKING Brothers in Arms.
 11220 | Lair:1   | 11220 ||| SWAPPING to +1 flail.
 11221 | Lair:1   | 11221 ||| INVOKING Berserk.
 11221 | Lair:1   | Killed a seven-headed hydra
 11222 | Lair:1   | Reached XP level 11. HP: 94/94 MP: 10/10
 11312 | Lair:1   | 11312 ||| SWAPPING to +2 war axe of venom.
 11477 | Lair:1   | 11477 ||| INVOKING Berserk.
 11484 | Lair:1   | Reached skill level 15 in Axes
 11494 | Lair:1   | HP: 21/94 [yak (6)]
 11495 | Lair:1   | 11495 ||| READING 6 scrolls of teleportation.
 11495 | Lair:1   | HP: 7/94 [yak (7)]
 11496 | Lair:1   | 11496 ||| DRINKING 6 potions of heal wounds.
 11514 | Lair:1   | Noticed a catoblepas
 11518 | Lair:1   | 11518 ||| INVOKING Berserk.
 11520 | Lair:1   | HP: 34/142 [catoblepas (9)]
 11523 | Lair:1   | Killed a catoblepas
 11524 | Lair:1   | Reached skill level 9 in Fighting
 12235 | Lair:1   | 12235 ||| READING scroll of enchant weapon.
 12235 | Lair:1   | 12235 ||| ENCHANTING +2 war axe of venom.
 12455 | Lair:1   | 12455 ||| Stepping ~*~*~tactically~*~*~ (stealth).
 12497 | Lair:1   | 12497 ||| Stepping ~*~*~tactically~*~*~ (stealth).
 12506 | Lair:1   | 12506 ||| INVOKING Berserk.
 12946 | Lair:2   | 12946 ||| INVOKING Berserk.
 12951 | Lair:2   | Noticed Gastronok
 12971 | Lair:2   | Killed Gastronok
 13112 | Lair:2   | 13112 ||| INVOKING Berserk.
 13118 | Lair:2   | Reached skill level 3 in Dodging
 13306 | Lair:2   | Noticed Amaemon
 13309 | Lair:2   | 13309 ||| INVOKING Berserk.
 13316 | Lair:2   | Killed Amaemon
 13404 | Lair:2   | 13404 ||| DRINKING 2 potions of cancellation.
 13444 | Lair:2   | 13444 ||| DROPPING +1 flail.
 13505 | Lair:2   | 13505 ||| INVOKING Berserk.
 13520 | Lair:2   | Reached skill level 10 in Fighting
 13880 | Lair:2   | 13880 ||| READING scroll labelled SIBUIR VE XOA.
 14087 | Lair:3   | 14087 ||| INVOKING Berserk.
 14090 | Lair:3   | Reached XP level 12. HP: 106/106 MP: 11/11
 14124 | Lair:3   | 14124 ||| FLEEEEING.
 14191 | Lair:3   | 14191 ||| Stepping ~*~*~tactically~*~*~ (stealth).
 14202 | Lair:3   | 14202 ||| INVOKING Berserk.
 14216 | Lair:3   | Reached skill level 9 in Armour
 14276 | Lair:3   | 14276 ||| INVOKING Berserk.
 14432 | Lair:3   | Reached skill level 3 in Throwing
 14454 | Lair:3   | 14454 ||| Stepping ~*~*~tactically~*~*~ (stealth).
 14663 | Lair:3   | Found a staircase to the Snake Pit.
 14771 | Lair:3   | Reached skill level 11 in Fighting
 14773 | Lair:3   | 14773 ||| FLEEEEING.
 14774 | Lair:3   | 14774 ||| FLEEEEING.
 14775 | Lair:3   | 14775 ||| STAIRDANCE
 14869 | Lair:2   | 14869 ||| READING 2 scrolls of identify.
 14869 | Lair:2   | 14869 ||| IDENTIFYING murky dark potion
 14872 | Lair:3   | 14872 ||| INVOKING Berserk.
 14885 | Lair:3   | 14885 ||| STAIRDANCE
 15007 | Lair:3   | 15007 ||| INVOKING Berserk.
 15195 | Lair:3   | Identified the +8 rapier "Cuul" {flame, Will+++ Str-3 Int+9
                  | Dex-3}
 15303 | Lair:3   | 15303 ||| INVOKING Berserk.
 15319 | Lair:3   | Reached skill level 12 in Shields
 15387 | Lair:3   | 15387 ||| INVOKING Berserk.
 15591 | Lair:3   | Found a staircase to the Swamp.
 15592 | Lair:3   | 15592 ||| INVOKING Berserk.
 15625 | Lair:3   | HP: 24/110 [tyrant leech (20)]
 15626 | Lair:3   | 15626 ||| READING 7 scrolls of teleportation.
 15627 | Lair:3   | 15627 ||| DRINKING 5 potions of heal wounds.
 16081 | Lair:3   | 16081 ||| Stepping ~*~*~tactically~*~*~ (stealth).
 16083 | Lair:3   | 16083 ||| Stepping ~*~*~tactically~*~*~ (hiding).
 16087 | Lair:3   | 16087 ||| INVOKING Berserk.
 16327 | Lair:3   | 16327 ||| UPGRADING to amulet of regeneration.
 16332 | Lair:3   | 16332 ||| DROPPING amulet of the acrobat.
 16333 | Lair:3   | 16333 ||| DROPPING ring of see invisible.
 16334 | Lair:3   | 16334 ||| READING scroll labelled NAZUCW DOABB.
 16335 | Lair:3   | 16335 ||| READING scroll labelled IDOH LEHAX.
 16436 | Lair:3   | 16436 ||| DRINKING 2 ruby potions.
 16437 | Lair:3   | 16437 ||| READING 3 scrolls of identify.
 16437 | Lair:3   | 16437 ||| IDENTIFYING green potion
 16438 | Lair:3   | 16438 ||| DROPPING potion of magic.
 16439 | Lair:3   | 16439 ||| DROPPING potion of attraction.
 16481 | Lair:4   | 16481 ||| Stepping ~*~*~tactically~*~*~ (hiding).
 16482 | Lair:4   | 16482 ||| Stepping ~*~*~tactically~*~*~ (stealth).
 16483 | Lair:4   | 16483 ||| Stepping ~*~*~tactically~*~*~ (stealth).
 16484 | Lair:4   | 16484 ||| Stepping ~*~*~tactically~*~*~ (stealth).
 16487 | Lair:4   | 16487 ||| INVOKING Berserk.
 16646 | Lair:4   | Found a viscous altar of Jiyva.
 16649 | Lair:4   | Found a staircase to the Slime Pits.
 16706 | Lair:4   | 16706 ||| Stepping ~*~*~tactically~*~*~ (hiding).
 16712 | Lair:4   | Reached skill level 12 in Fighting
 16814 | Lair:4   | 16814 ||| READING scroll of enchant armour.
 16814 | Lair:4   | 16814 ||| ENCHANTING +2 plate armour.
 16984 | Lair:4   | 16984 ||| INVOKING Berserk.
 17364 | Lair:4   | 17364 ||| READING scroll of enchant weapon.
 17364 | Lair:4   | 17364 ||| ENCHANTING +3 war axe of venom.
 17417 | Lair:4   | 17417 ||| READING 3 scrolls labelled DEUROCW UPPULI.
 17418 | Lair:4   | 17418 ||| DROPPING 2 scrolls of poison.
 17419 | Lair:4   | 17419 ||| READING 7 scrolls of teleportation.
 17460 | Lair:5   | Entered Level 5 of the Lair of Beasts
 17462 | Lair:5   | 17462 ||| STAIRDANCE
 17474 | Lair:5   | Noticed a seven-headed hydra
 17475 | Lair:5   | 17475 ||| STAIRDANCE
 17477 | Lair:4   | 17477 ||| INVOKING Berserk.
 17484 | Lair:4   | Reached XP level 13. HP: 118/118 MP: 12/12
 17615 | Lair:5   | 17615 ||| INVOKING Brothers in Arms.
 17616 | Lair:5   | 17616 ||| INVOKING Brothers in Arms.
 17617 | Lair:5   | 17617 ||| SWAPPING to +1 demon whip of venom.
 17618 | Lair:5   | 17618 ||| INVOKING Berserk.
 17623 | Lair:5   | 17623 ||| STAIRDANCE
 17634 | Lair:4   | 17634 ||| SWAPPING to +4 war axe of venom.
 17744 | Lair:5   | 17744 ||| SWAPPING to +1 demon whip of venom.
 17745 | Lair:5   | 17745 ||| INVOKING Berserk.
 17755 | Lair:5   | 17755 ||| SWAPPING to +4 war axe of venom.
 17901 | Lair:5   | 17901 ||| Stepping ~*~*~tactically~*~*~ (stealth).
 17905 | Lair:5   | 17905 ||| INVOKING Berserk.
 18019 | Lair:5   | 18019 ||| INVOKING Berserk.
 18253 | Lair:5   | Reached skill level 13 in Fighting
 18307 | Lair:5   | 18307 ||| INVOKING Brothers in Arms.
 18308 | Lair:5   | 18308 ||| INVOKING Brothers in Arms.
 18309 | Lair:5   | 18309 ||| INVOKING Brothers in Arms.
 18310 | Lair:5   | 18310 ||| SWAPPING to +1 demon whip of venom.
 18312 | Lair:5   | 18312 ||| INVOKING Berserk.
 18327 | Lair:5   | 18327 ||| SWAPPING to +4 war axe of venom.
 18415 | Lair:5   | 18415 ||| Stepping ~*~*~tactically~*~*~ (stealth).
 18418 | Lair:5   | 18418 ||| Stepping ~*~*~tactically~*~*~ (stealth).
 18428 | Lair:5   | 18428 ||| Stepping ~*~*~tactically~*~*~ (stealth).
 18432 | Lair:5   | 18432 ||| INVOKING Berserk.
 18469 | Lair:5   | 18469 ||| FLEEEEING.
 18499 | Lair:5   | 18499 ||| SWAPPING to +1 demon whip of venom.
 18501 | Lair:5   | 18501 ||| INVOKING Berserk.
 18508 | Lair:5   | 18508 ||| SWAPPING to +4 war axe of venom.
 18664 | Lair:5   | 18664 ||| READING 2 scrolls of brand weapon.
 18664 | Lair:5   | 18664 ||| BRANDING +4 war axe of venom.
 18665 | Lair:5   | 18665 ||| READING scroll of brand weapon.
 18665 | Lair:5   | 18665 ||| BRANDING +4 war axe of draining.
 18872 | Lair:5   | 18872 ||| INVOKING Brothers in Arms.
 18873 | Lair:5   | 18873 ||| INVOKING Brothers in Arms.
 18874 | Lair:5   | 18874 ||| INVOKING Brothers in Arms.
 18875 | Lair:5   | 18875 ||| INVOKING Brothers in Arms.
 18876 | Lair:5   | 18876 ||| SWAPPING to +1 demon whip of venom.
 18877 | Lair:5   | 18877 ||| INVOKING Berserk.
 18882 | Lair:5   | Reached skill level 14 in Fighting
 18886 | Lair:5   | 18886 ||| SWAPPING to +4 war axe of electrocution.
 18950 | Lair:5   | 18950 ||| Stepping ~*~*~tactically~*~*~ (stealth).
 19037 | Lair:5   | 19037 ||| INVOKING Brothers in Arms.
 19038 | Lair:5   | 19038 ||| INVOKING Brothers in Arms.
 19039 | Lair:5   | 19039 ||| INVOKING Brothers in Arms.
 19040 | Lair:5   | 19040 ||| SWAPPING to +1 demon whip of venom.
 19042 | Lair:5   | 19042 ||| INVOKING Berserk.
 19053 | Lair:5   | 19053 ||| SWAPPING to +4 war axe of electrocution.
 19115 | Lair:5   | 19115 ||| INVOKING Berserk.
 19251 | Lair:5   | 19251 ||| INVOKING Berserk.
 19291 | Lair:5   | 19291 ||| Stepping ~*~*~tactically~*~*~ (stealth).
 19314 | Lair:5   | 19314 ||| INVOKING Berserk.
 19322 | Lair:5   | Reached skill level 12 in Armour
 19491 | Lair:5   | 19491 ||| Stepping ~*~*~tactically~*~*~ (hiding).
 19492 | Lair:5   | 19492 ||| Stepping ~*~*~tactically~*~*~ (hiding).
 19497 | Lair:5   | 19497 ||| INVOKING Berserk.
 19556 | Lair:5   | 19556 ||| FLEEEEING.
 19558 | Lair:5   | 19558 ||| Stepping ~*~*~tactically~*~*~ (stealth).
 19560 | Lair:5   | 19560 ||| Stepping ~*~*~tactically~*~*~ (stealth).
 19562 | Lair:5   | 19562 ||| Stepping ~*~*~tactically~*~*~ (stealth).
 19576 | Lair:5   | 19576 ||| INVOKING Berserk.
 19610 | Lair:5   | 19610 ||| Stepping ~*~*~tactically~*~*~ (cloud).
 19614 | Lair:5   | 19614 ||| Stepping ~*~*~tactically~*~*~ (cloud).
 19616 | Lair:5   | Reached XP level 14. HP: 104/133 MP: 13/13
 19697 | Lair:5   | 19697 ||| INVOKING Berserk.
 19771 | Lair:5   | 19771 ||| DROPPING +0 war axe of freezing.
 20096 | Lair:5   | 20096 ||| PLANNING D:1-11
 20096 | Lair:5   | 20096 ||| DRINKING 2 dark potions.
 20201 | Lair:5   | 20201 ||| DROPPING potion of berserk rage.
 20322 | D:10     | Entered Level 10 of the Dungeon
 20336 | D:10     | Reached skill level 15 in Fighting
 20354 | D:10     | Noticed Josephine
 20360 | D:10     | Killed Josephine
 20438 | D:10     | 20438 ||| Stepping ~*~*~tactically~*~*~ (stealth).
 20440 | D:10     | 20440 ||| Stepping ~*~*~tactically~*~*~ (stealth).
 20442 | D:10     | 20442 ||| Stepping ~*~*~tactically~*~*~ (stealth).
 20443 | D:10     | 20443 ||| Stepping ~*~*~tactically~*~*~ (stealth).
 21196 | D:11     | 21196 ||| READING scroll of enchant armour.
 21196 | D:11     | 21196 ||| ENCHANTING +3 plate armour.
 21781 | D:11     | 21781 ||| PLANNING D
 21781 | D:11     | 21781 ||| DROPPING +4 ring of slaying {mikee}.
 21834 | D:12     | 21834 ||| STAIRDANCE
 21931 | D:12     | 21931 ||| Stepping ~*~*~tactically~*~*~ (hiding).
 22023 | D:12     | 22023 ||| INVOKING Berserk.
 22075 | D:12     | 22075 ||| FLEEEEING.
 22081 | D:12     | 22081 ||| FLEEEEING.
 22082 | D:12     | 22082 ||| FLEEEEING.
 22083 | D:12     | 22083 ||| FLEEEEING.
 22084 | D:12     | 22084 ||| FLEEEEING.
 22087 | D:12     | 22087 ||| STAIRDANCE
 22115 | D:12     | 22115 ||| Stepping ~*~*~tactically~*~*~ (hiding).
 22116 | D:12     | 22116 ||| Stepping ~*~*~tactically~*~*~ (hiding).
 22345 | D:12     | Noticed Lodul
 22349 | D:12     | 22349 ||| INVOKING Berserk.
 22354 | D:12     | Killed Lodul
 22361 | D:12     | 22361 ||| INVOKING Brothers in Arms.
 22362 | D:12     | 22362 ||| INVOKING Brothers in Arms.
 22363 | D:12     | 22363 ||| SWAPPING to +1 demon whip of venom.
 22365 | D:12     | Reached skill level 15 in Shields
 22365 | D:12     | 22365 ||| SWAPPING to +4 war axe of electrocution.
 22481 | D:12     | 22481 ||| READING scroll of enchant weapon.
 22481 | D:12     | 22481 ||| ENCHANTING +4 war axe of electrocution.
 22485 | D:12     | 22485 ||| Stepping ~*~*~tactically~*~*~ (stealth).
 22493 | D:12     | 22493 ||| Stepping ~*~*~tactically~*~*~ (stealth).
 22511 | D:12     | 22511 ||| Stepping ~*~*~tactically~*~*~ (hiding).
 22777 | D:13     | 22777 ||| Stepping ~*~*~tactically~*~*~ (stealth).
 22778 | D:13     | Found a gate to the Vaults.
 22779 | D:13     | 22779 ||| INVOKING Trog's Hand.
 22782 | D:13     | 22782 ||| INVOKING Berserk.
 22848 | D:13     | 22848 ||| INVOKING Berserk.
 23165 | D:13     | 23165 ||| FLEEEEING.
 23174 | D:13     | 23174 ||| INVOKING Berserk.
 23182 | D:13     | Reached skill level 16 in Fighting
 23190 | D:13     | 23190 ||| Stepping ~*~*~tactically~*~*~ (stealth).
 23192 | D:13     | 23192 ||| Stepping ~*~*~tactically~*~*~ (stealth).
 23351 | D:13     | 23351 ||| INVOKING Brothers in Arms.
 23352 | D:13     | 23352 ||| INVOKING Brothers in Arms.
 23353 | D:13     | 23353 ||| INVOKING Brothers in Arms.
 23354 | D:13     | 23354 ||| INVOKING Brothers in Arms.
 23355 | D:13     | 23355 ||| SWAPPING to +1 demon whip of venom.
 23357 | D:13     | 23357 ||| INVOKING Berserk.
 23364 | D:13     | 23364 ||| SWAPPING to +5 war axe of electrocution.
 23555 | D:13     | 23555 ||| SWAPPING to +1 demon whip of venom.
 23557 | D:13     | 23557 ||| INVOKING Berserk.
 23566 | D:13     | 23566 ||| SWAPPING to +5 war axe of electrocution.
 23587 | D:13     | Reached skill level 6 in Dodging
 23660 | D:13     | 23660 ||| Stepping ~*~*~tactically~*~*~ (stealth).
 24004 | D:14     | 24004 ||| PLANNING GAUNTLET
 24223 | D:14     | 24223 ||| INVOKING Berserk.
 24370 | D:14     | Found a gate leading to a gauntlet.
 24378 | Gauntlet | Entered a Gauntlet
 24378 | Gauntlet | Found a transporter.
 24378 | Gauntlet | Found a transporter.
 24379 | Gauntlet | Found a transporter.
 24380 | Gauntlet | Found a transporter.
 24380 | Gauntlet | Found a transporter.
 24383 | Gauntlet | Found a transporter.
 24389 | Gauntlet | Found a transporter.
 24391 | Gauntlet | Found a transporter.
 24392 | Gauntlet | Found a transporter.
 24394 | Gauntlet | Found a transporter.
 24402 | Gauntlet | Found a transporter.
 24402 | Gauntlet | Found a transporter.
 24403 | Gauntlet | Found the ring of Shadows {Umbra +Inv Stlth+}
 24653 | Gauntlet | 24653 ||| Stepping randomly (stuck).
 24654 | Gauntlet | 24654 ||| Stepping randomly (stuck).
 24711 | Gauntlet | Reached skill level 17 in Fighting
 24771 | Gauntlet | 24771 ||| UPGRADING to amulet of reflection.
 24781 | Gauntlet | 24781 ||| DROPPING amulet of regeneration.
 24805 | Gauntlet | 24805 ||| INVOKING Berserk.
 24917 | Gauntlet | 24917 ||| READING scroll of enchant armour.
 24917 | Gauntlet | 24917 ||| ENCHANTING +4 plate armour.
 24920 | Gauntlet | Identified the +4 rapier of the Seeker {drain, *Slow rC+
                  | Str+4 Int+8}
 24934 | Gauntlet | 24934 ||| DROPPING +6 ring of intelligence.
 24948 | D:14     | 24948 ||| PLANNING D
 24966 | D:14     | 24966 ||| INVOKING Berserk.
 25081 | D:14     | 25081 ||| Stepping ~*~*~tactically~*~*~ (hiding).
 25083 | D:14     | 25083 ||| Stepping ~*~*~tactically~*~*~ (hiding).
 25508 | D:14     | 25508 ||| DROPPING amulet of guardian spirit.
 25515 | D:15     | Entered Level 15 of the Dungeon
 25776 | D:15     | 25776 ||| INVOKING Berserk.
 25782 | D:15     | Reached skill level 6 in Throwing
 25886 | D:15     | Noticed Roxanne
 25891 | D:15     | 25891 ||| INVOKING Berserk.
 25902 | D:15     | Killed Roxanne
 25992 | D:15     | 25992 ||| READING scroll of enchant weapon.
 25992 | D:15     | 25992 ||| ENCHANTING +5 war axe of electrocution.
 26118 | D:15     | 26118 ||| INVOKING Berserk.
 26235 | D:15     | 26235 ||| INVOKING Berserk.
 26239 | D:15     | Reached XP level 15. HP: 147/147 MP: 14/14
 26364 | D:15     | 26364 ||| INVOKING Trog's Hand.
 26365 | D:15     | 26365 ||| DRINKING 7 potions of curing.
 26365 | D:15     | 26365 ||| (to cure confusion)
 26426 | D:15     | 26426 ||| FLEEEEING.
 26427 | D:15     | 26427 ||| FLEEEEING.
 26433 | D:15     | 26433 ||| FLEEEEING.
 26434 | D:15     | 26434 ||| FLEEEEING.
 26439 | D:15     | 26439 ||| FLEEEEING.
 26440 | D:15     | 26440 ||| FLEEEEING.
 26441 | D:15     | 26441 ||| FLEEEEING.
 26450 | D:15     | 26450 ||| Stepping ~*~*~tactically~*~*~ (hiding).
 26455 | D:15     | 26455 ||| Stepping ~*~*~tactically~*~*~ (cloud).
 26462 | D:15     | 26462 ||| Stepping ~*~*~tactically~*~*~ (cloud).
 26463 | D:15     | 26463 ||| Stepping ~*~*~tactically~*~*~ (cloud).
 26534 | D:15     | 26534 ||| Stepping ~*~*~tactically~*~*~ (stealth).
 26548 | D:15     | 26548 ||| FLEEEEING.
 26549 | D:15     | 26549 ||| FLEEEEING.
 26553 | D:15     | 26553 ||| FLEEEEING.
 26554 | D:15     | 26554 ||| FLEEEEING.
 26613 | D:15     | 26613 ||| SWAPPING to +1 demon whip of venom.
 26614 | D:15     | 26614 ||| INVOKING Berserk.
 26623 | D:15     | 26623 ||| SWAPPING to +6 war axe of electrocution.
 26845 | D:15     | Found a broken altar of Ashenzari.
 26939 | D:15     | 26939 ||| READING scroll of enchant weapon.
 26939 | D:15     | 26939 ||| ENCHANTING +6 war axe of electrocution.
 27090 | D:15     | 27090 ||| FLEEEEING.
 27091 | D:15     | 27091 ||| FLEEEEING.
 27092 | D:15     | 27092 ||| FLEEEEING.
 27093 | D:15     | 27093 ||| FLEEEEING.
 27353 | D:15     | Found a staircase to the Depths.
 27522 | D:15     | 27522 ||| PLANNING ORC
 27676 | Orc:1    | Entered Level 1 of the Orcish Mines
 27739 | Orc:1    | Found Gosmao Kiekh's Antique Armour Boutique.
 27740 | Orc:1    | 27740 ||| INVOKING Berserk.
 27867 | Orc:1    | 27867 ||| Stepping ~*~*~tactically~*~*~ (hiding).
 27868 | Orc:1    | 27868 ||| Stepping ~*~*~tactically~*~*~ (hiding).
 27874 | Orc:1    | 27874 ||| Stepping ~*~*~tactically~*~*~ (stealth).
 27875 | Orc:1    | 27875 ||| Stepping ~*~*~tactically~*~*~ (stealth).
 27876 | Orc:1    | 27876 ||| Stepping ~*~*~tactically~*~*~ (stealth).
 27877 | Orc:1    | 27877 ||| Stepping ~*~*~tactically~*~*~ (stealth).
 27879 | Orc:1    | 27879 ||| Stepping ~*~*~tactically~*~*~ (hiding).
 27880 | Orc:1    | 27880 ||| Stepping ~*~*~tactically~*~*~ (hiding).
 27887 | Orc:1    | 27887 ||| INVOKING Trog's Hand.
 27890 | Orc:1    | 27890 ||| INVOKING Berserk.
 27972 | Orc:1    | 27972 ||| Stepping ~*~*~tactically~*~*~ (stealth).
 27974 | Orc:1    | 27974 ||| Stepping ~*~*~tactically~*~*~ (hiding).
 27976 | Orc:1    | 27976 ||| Stepping ~*~*~tactically~*~*~ (hiding).
 28188 | Orc:1    | 28188 ||| BUYING cloak (126 gold).
 28188 | Orc:1    | Bought a cloak for 126 gold pieces
 28188 | Orc:1    | 28188 ||| BUYING pair of boots (126 gold).
 28188 | Orc:1    | Bought a pair of boots for 126 gold pieces
 28191 | Orc:1    | 28191 ||| UPGRADING to +0 cloak.
 28196 | Orc:1    | 28196 ||| Stepping ~*~*~tactically~*~*~ (hiding).
 28210 | Orc:1    | 28210 ||| UPGRADING to +0 pair of boots.
 28262 | Orc:1    | 28262 ||| INVOKING Berserk.
 28360 | Orc:1    | 28360 ||| Stepping ~*~*~tactically~*~*~ (hiding).
 28369 | Orc:1    | 28369 ||| Stepping ~*~*~tactically~*~*~ (hiding).
 28371 | Orc:1    | 28371 ||| INVOKING Berserk.
 28591 | Orc:2    | Entered Level 2 of the Orcish Mines
 28596 | Orc:2    | 28596 ||| STAIRDANCE
 28627 | Orc:2    | Noticed an orc warlord
 28628 | Orc:2    | 28628 ||| STAIRDANCE
 28632 | Orc:2    | 28632 ||| STAIRDANCE
 28634 | Orc:1    | 28634 ||| INVOKING Berserk.
 28643 | Orc:1    | Killed an orc warlord
 28718 | Orc:2    | 28718 ||| STAIRDANCE
 28733 | Orc:2    | 28733 ||| STAIRDANCE
 28753 | Orc:2    | Found Jeibagar's Magic Scroll Boutique.
 28771 | Orc:2    | 28771 ||| Stepping ~*~*~tactically~*~*~ (hiding).
 28773 | Orc:2    | 28773 ||| Stepping ~*~*~tactically~*~*~ (hiding).
 28774 | Orc:2    | 28774 ||| INVOKING Berserk.
 28782 | Orc:2    | Reached ***** piety under Trog
 28949 | Orc:2    | 28949 ||| BUYING scroll of teleportation (39 gold).
 28949 | Orc:2    | Bought a scroll of teleportation for 39 gold pieces
 29079 | Orc:2    | Found a staircase to the Elven Halls.
 29107 | Orc:2    | 29107 ||| Stepping ~*~*~tactically~*~*~ (hiding).
 29111 | Orc:2    | 29111 ||| Stepping ~*~*~tactically~*~*~ (stealth).
 29116 | Orc:2    | 29116 ||| Stepping ~*~*~tactically~*~*~ (hiding).
 29198 | Orc:2    | 29198 ||| Stepping ~*~*~tactically~*~*~ (stealth).
 29441 | Orc:2    | Found Uriqeuv's Distillery.
 29443 | Orc:2    | Found Duck's Distillery.
 29457 | Orc:2    | 29457 ||| INVOKING Berserk.
 29466 | Orc:2    | Reached skill level 15 in Armour
 29481 | Orc:2    | 29481 ||| Stepping ~*~*~tactically~*~*~ (hiding).
 29484 | Orc:2    | 29484 ||| Stepping ~*~*~tactically~*~*~ (hiding).
 29485 | Orc:2    | 29485 ||| Stepping ~*~*~tactically~*~*~ (hiding).
 29494 | Orc:2    | 29494 ||| Stepping ~*~*~tactically~*~*~ (stealth).
 29495 | Orc:2    | 29495 ||| Stepping ~*~*~tactically~*~*~ (stealth).
 29607 | Orc:2    | 29607 ||| Stepping ~*~*~tactically~*~*~ (hiding).
 29645 | Orc:2    | 29645 ||| BUYING potion of cancellation (136 gold).
 29645 | Orc:2    | Bought a potion of cancellation for 136 gold pieces
 29645 | Orc:2    | 29645 ||| BUYING potion of curing (51 gold).
 29645 | Orc:2    | Bought a potion of curing for 51 gold pieces
 29645 | Orc:2    | 29645 ||| BUYING potion of curing (51 gold).
 29645 | Orc:2    | Bought a potion of curing for 51 gold pieces
 29645 | Orc:2    | 29645 ||| BUYING potion of might (68 gold).
 29645 | Orc:2    | Bought a potion of might for 68 gold pieces
 29645 | Orc:2    | 29645 ||| BUYING potion of mutation (136 gold).
 29645 | Orc:2    | Bought a potion of mutation for 136 gold pieces
 29647 | Orc:2    | 29647 ||| BUYING potion of curing (39 gold).
 29647 | Orc:2    | Bought a potion of curing for 39 gold pieces
 29647 | Orc:2    | 29647 ||| BUYING potion of curing (39 gold).
 29647 | Orc:2    | Bought a potion of curing for 39 gold pieces
 29647 | Orc:2    | 29647 ||| BUYING potion of curing (39 gold).
 29647 | Orc:2    | Bought a potion of curing for 39 gold pieces
 29647 | Orc:2    | 29647 ||| BUYING potion of heal wounds (65 gold).
 29647 | Orc:2    | Bought a potion of heal wounds for 65 gold pieces
 29647 | Orc:2    | 29647 ||| BUYING potion of might (52 gold).
 29647 | Orc:2    | Bought a potion of might for 52 gold pieces
 29647 | Orc:2    | 29647 ||| BUYING potion of mutation (104 gold).
 29647 | Orc:2    | Bought a potion of mutation for 104 gold pieces
 29668 | Orc:2    | 29668 ||| Stepping ~*~*~tactically~*~*~ (hiding).
 29673 | Orc:2    | 29673 ||| INVOKING Berserk.
 29684 | Orc:2    | 29684 ||| INVOKING Brothers in Arms.
 29690 | Orc:2    | HP: 18/147 [orc knight/+3 long sword of holy wrath (23)]
 29691 | Orc:2    | 29691 ||| READING 15 scrolls of teleportation.
 29691 | Orc:2    | Received a gift from Trog
 29692 | Orc:2    | 29692 ||| DRINKING 6 potions of heal wounds.
 29692 | Orc:2    | HP: 1/147 [orc warrior/+0 glaive (8)]
 29692 | Orc:2    | Slain by an orc warrior

Levels and vault maps discovered:
D:1:      nzn_arrival_settlement, layout_basic,
          ebering_ecumenical_altar_sacrificial, chequers_big_river
D:2:      layout_loops_corners, uniq_terence
D:3:      layout_basic, grunt_temple_overflow_cloverleaf, hex_tiny,
          minivault_25, uniq_natasha, uniq_ijyb, uniq_jessica, uniq_robin
D:4:      layout_rooms, led_sif_pool, minmay_temple_entry_statues_fountains,
          minmay_misc_feat_rows, minivault_24
D:5:      layout_loops_ring, grunt_temple_overflow_lords_of_destruction
D:6:      layout_loops_ring, uniq_sigmund, uniq_blork_the_orc
D:7:      layout_loops_cross, overflow_temple_1_default,
          lemuel_coloured_pillars_altar, enter_ossuary_3
D:8:      layout_loops_cross, grunt_dithmenos_smoke, enter_bailey_4,
          nicolae_kite_square_tiling_tiny
D:9:      layout_loops_ring, mainiacjoe_overflow_small_starburst,
          mainiacjoe_overflow_alcove_2, tgw_trog, dpeg_oklobed_lair,
          david_orc_2, uniq_maggie, uniq_joseph
D:10:     layout_loops_ring, nicolae_hexahallways, uniq_josephine
D:11:     layout_long_grid
D:12:     layout_irregular_city, uniq_lodul
D:13:     layout_cave_pods, david_vaults_2
D:14:     layout_loops_cross, kennysheep_cross_bottleneck,
          gauntlet_entry_generic
D:15:     grunt_enter_depths_magical_seal, layout_basic,
          ashenzari_conservatory_becter, uniq_roxanne
Lair:1:   layout_layer_cave, infiniplex_staircase_pool_2
Lair:2:   layout_big_grid, uniq_amaemon, uniq_gastronok
Lair:3:   layout_regular_city, minmay_swamp_entry_worms,
          minmay_snake_entry_six_corridors, serial_bayou_shore_b
Lair:4:   layout_gridlike, slime_entry_1
Lair:5:   evilmike_catoblepas_cave, layout_cellular_growth,
          serial_bayou_shore_b, grunt_megastairs_5
Orc:1:    layout_caves, serial_shops, nicolae_square_shop
Orc:2:    pf_orc_diabolical, layout_caves, serial_shops,
          nicolae_shop_competitors_out_of_business

Skill      XL: |  1  2  3  4  5  6  7  8  9 10 11 12 13 14 15 |
---------------+----------------------------------------------+-----
Axes           | 4 5 6 7 9 11 12 14 16 | 16.4
Fighting       | 4 5 6 7 8 10 12 14 17 | 17.0
Shields        | 1 6 7 9 10 12 14 15 | 15.3
Throwing       | 1 2 5 6 8 |  8.0
Armour         | 3 5 7 8 10 12 13 15 | 15.0
Dodging        | 3 4 5 6 |  6.2

Action                   |  1- 3 |  4- 6 |  7- 9 | 10-12 | 13-15 || total
-------------------------+-------+-------+-------+-------+-------++-------
Melee: Hand axe          |    45 |   113 |    44 |       |       ||   202
       Headbutt          |     8 |    14 |    55 |    79 |   182 ||   338
       Punch             |     1 |     1 |       |       |       ||     2
       War axe           |       |       |   209 |   415 |   738 ||  1362
       Demon whip        |       |       |       |       |    31 ||    31
Throw: Boomerang         |       |    19 |    64 |    81 |    34 ||   198
       Javelin           |       |       |       |    20 |    26 ||    46
Invok: Berserk           |     2 |    12 |    11 |    23 |    38 ||    86
       Brothers in Arms  |       |       |       |     1 |     7 ||     8
       Trog's Hand       |       |       |       |       |     3 ||     3
  Use: Scroll            |     5 |     3 |    10 |    14 |     8 ||    40
       Potion            |     1 |     2 |     3 |     6 |     3 ||    15
 Stab: Distracted        |       |       |       |       |     2 ||     2
       Petrified         |       |       |       |       |     5 ||     5
       Petrifying        |       |       |       |       |     1 ||     1
Armor: Animal skin       |     2 |       |       |       |       ||     2
       Ring mail         |     5 |       |       |       |       ||     5
       Scale mail        |       |    57 |    68 |       |       ||   125
       Plate armour      |       |       |    73 |   159 |   353 ||   585
Dodge: Dodged            |    23 |    65 |    58 |    91 |   137 ||   374
Block: Kite shield       |       |     1 |   111 |   158 |   391 ||   661
       Reflection        |       |       |       |       |    20 ||    20

Table legend:
 A = Non-vault XP
 B = Vault XP
 C = Vault XP percentage of total XP
 D = Non-vault monster count
 E = Vault monster count
 F = Vault count percentage of total count
                 A         B        C        D         E       F
            +---------+---------+-------+---------+---------+-------
      Total |   82466 |   43735 |  34.7 |     472 |     177 |  27.3
            +---------+---------+-------+---------+---------+-------
        D:1 |      17 |       0 |   0.0 |      10 |       0 |   0.0
        D:2 |      17 |      36 |  67.9 |      10 |       1 |   9.1
        D:3 |     389 |     144 |  27.0 |      40 |      14 |  25.9
        D:4 |     128 |       0 |   0.0 |      16 |       0 |   0.0
        D:5 |     455 |      50 |   9.9 |       8 |       1 |  11.1
        D:6 |     700 |     317 |  31.2 |      18 |       2 |  10.0
        D:7 |     992 |       1 |   0.1 |      25 |       1 |   3.8
        D:8 |    1520 |       9 |   0.6 |      12 |       5 |  29.4
        D:9 |    2758 |     888 |  24.4 |      24 |      14 |  36.8
       D:10 |    1138 |    1754 |  60.7 |       6 |       5 |  45.5
       D:11 |    3498 |       0 |   0.0 |      16 |       0 |   0.0
       D:12 |    6029 |    1576 |  20.7 |      26 |       8 |  23.5
       D:13 |    6971 |    2487 |  26.3 |      16 |       3 |  15.8
       D:14 |    3371 |       0 |   0.0 |       5 |       0 |   0.0
       D:15 |    7353 |    5530 |  42.9 |      18 |      10 |  35.7
     Lair:1 |    5860 |       0 |   0.0 |      22 |       0 |   0.0
     Lair:2 |    4526 |    2648 |  36.9 |      20 |       3 |  13.0
     Lair:3 |    5552 |    4320 |  43.8 |      20 |      15 |  42.9
     Lair:4 |    5525 |    1213 |  18.0 |      16 |       3 |  15.8
     Lair:5 |   16572 |   11630 |  41.2 |      49 |      24 |  32.9
      Orc:1 |    6442 |       0 |   0.0 |      53 |       0 |   0.0
      Orc:2 |    2653 |    5382 |  67.0 |      42 |      41 |  49.4
    Ossuary |       0 |     251 | 100.0 |       0 |      12 | 100.0
   Gauntlet |       0 |    5499 | 100.0 |       0 |      15 | 100.0
            +---------+---------+-------+---------+---------+-------
